 Dungeon Crawl Stone Soup version 0.30-a0-142-g7370640ec8 (webtiles) character file.

Game seed: 11165516799698128219

32 Julmuri the Magician (level 3, -4/31 HPs)
             Began as a Troll Hedge Wizard on Sept 26, 2022.
             Slain by a worm (8 damage)
             ... on level 3 of the Dungeon.
             The game lasted 00:06:19 (1895 turns).

Julmuri the Magician (Troll Hedge Wizard)           Turns: 1895, Time: 00:06:19

Health: -4/31      AC:  5    Str: 18    XL:     3   Next: 10%
Magic:  1/5        EV: 10    Int: 12    God:
Gold:   44         SH:  0    Dex:  9    Spells: 5/6 levels left

rFire   . . .      SeeInvis .    a - +0 dagger
rCold   . . .      Faith    .    (no shield)
rNeg    . . .      Spirit   .    b - +0 robe
rPois   .          Reflect  .    c - +0 hat
rElec   .          Harm     .    q - +0 cloak
rCorr   .          Rampage  .    (gloves unavailable)
Will    .....                    (boots unavailable)
Stlth   +.........               (no amulet)
HPRegen 0.90/turn                (no ring)
MPRegen 0.09/turn                (no ring)

@: no status effects
A: large, unfitting armour, claws 3, regeneration 1, shaggy fur 1, tough skin 1
a: no special abilities


You were on level 3 of the Dungeon.
You visited 1 branch of the dungeon, and saw 3 of its levels.

You collected 44 gold pieces.

Inventory:

Hand Weapons
 a - a +0 dagger (weapon)
Armour
 b - a +0 robe (worn)
 c - a +0 hat (worn)
 l - the +3 leather armour "Haotaog" {rCorr}
   (You found it on level 2 of the Dungeon)

   rCorr:     It protects you from acid and corrosion.
 q - a +0 cloak (worn)
Jewellery
 i - an amulet of guardian spirit
Wands
 n - a wand of charming (7)
Scrolls
 f - a scroll of brand weapon {unknown}
 h - 4 scrolls of identify {unknown}
 j - a scroll of enchant weapon {unknown}
 k - a scroll of fear {unknown}
 m - a scroll of immolation {unknown}
Potions
 d - a potion of magic
 e - a potion of haste {unknown}
 g - 2 potions of might {unknown}
 o - 2 potions of attraction {unknown}
 p - a potion of degeneration {unknown}


   Skills:
 + Level 0.3 Short Blades
 + Level 2.0 Dodging
 + Level 1.0 Stealth
 + Level 2.3 Spellcasting
 + Level 1.1 Conjurations
 + Level 0.6 Summonings
 + Level 0.6 Translocations


You had 5 spell levels left.
You knew the following spells:

 Your Spells              Type           Power      Damage    Failure   Level
a - Magic Dart            Conj           16%        1d3       17%         1

Your spell library contained the following spells:

 Spells                   Type           Power      Damage    Failure   Level
 Slow                     Hex            4%         N/A       26%         1
 Blink                    Tloc           4%         N/A       30%         2
 Call Imp                 Summ           2%         N/A       30%         2
 Cigotuvi's Dreadful Rot  Necr/Pois/Air  2%         N/A       36%         2
 Mephitic Cloud           Conj/Pois/Air  2%         N/A       56%         3
 Ignite Poison            Fire/Tmut/Pois 1%         N/A       61%         3
 Freezing Cloud           Conj/Ice/Air   1%         6-21      99%         5


Dungeon Overview and Level Annotations

Branches:
Dungeon (3/15)

Altars:


Innate Abilities, Weirdness & Mutations

You are too large for most types of armour.
You have claws for hands.
Your natural rate of healing is unusually fast.
You are covered in fur. (AC +1)
You have tough skin. (AC +1)


Message History

You hit the worm.
The worm is moderately wounded.
You hit the worm.
The worm is moderately wounded.
The worm closely misses you.
Your magical contamination has completely faded away.
You hit the worm but do no damage.
The worm is moderately wounded.
You hit the worm.
The worm is moderately wounded.
The worm bites you.
You hit the worm.
The worm is heavily wounded.
The worm bites you!
You barely miss the worm.
The worm is heavily wounded.
You hit the worm.
The worm is heavily wounded.
The worm bites you!
You hit the worm.
The worm is heavily wounded.
You barely miss the worm.
The worm is heavily wounded.
The worm bites you!
* * * LOW HITPOINT WARNING * * *
You hit the worm.
The worm is severely wounded.
The worm barely misses you.
You hit the worm.
The worm is severely wounded.
You hit the worm but do no damage.
The worm is severely wounded.
The worm bites you.
* * * LOW HITPOINT WARNING * * *
You hit the worm.
The worm is severely wounded.
You hit the worm.
The worm is almost dead.
The worm bites you!
You die...

. #.###.
.....#
#.##.#
#.##.#
#(##.#
#.##<#
#.##w##.#
#...@...#
####.####
#.# #.#
#.# #.#
#.# #.#


You could see a worm.

Vanquished Creatures
  3 ball pythons
  5 endoplasms
  A giant cockroach (D:2)
  3 goblins
  A hobgoblin (D:2)
  2 jackals (D:2)
  A quokka (D:2)
  4 bats (D:1)
  3 frilled lizards (D:1)
  4 kobolds
  4 rats
31 creatures vanquished.

Vanquished Creatures (others)
  A plant (D:1)
1 creature vanquished.

Grand Total: 32 creatures vanquished

Notes
Turn   | Place    | Note
-------+----------+-------------------------------------------
     0 | D:1      | Julmuri the Troll Hedge Wizard began the quest for the Orb.
     0 | D:1      | Reached XP level 1. HP: 16/16 MP: 2/2
   317 | D:1      | Reached XP level 2. HP: 24/24 MP: 2/4
   629 | D:1      | Found a faded altar of an unknown god.
  1133 | D:2      | Identified the +3 leather armour "Haotaog" {rCorr}
  1390 | D:2      | Reached skill level 1 in Conjurations
  1583 | D:2      | Reached XP level 3. HP: 17/31 MP: 0/5
  1895 | D:3      | Slain by a worm

Illustrated notes

Levels and vault maps discovered:
D:1:      co_arrival_hall_of_pillars, layout_basic,
          hellmonk_ecumenical_altar_heavens_door, serial_bayou_crossing
D:2:      layout_rooms
D:3:      layout_loops_cross, mainiacjoe_overflow_boulevard,
          pdpol_wu_jian_five_deadly_venoms, jmf_multi_god_temple, uniq_robin

Skill      XL: |  1  2  3 |
---------------+----------+-----
Conjurations   | 1 |  1.1
Dodging        | 2 |  2.0
Short Blades   | |  0.3
Stealth        | |  1.0
Spellcasting   | |  2.3
Summonings     | |  0.6
Translocations | |  0.6

Action                   || total
-------------------------++-------
Melee: Dagger            ||   130
 Cast: Magic Dart        ||    62
Armor: Robe              ||    62
Dodge: Dodged            ||    71

Table legend: (Time is in decaauts)
 A = Elapsed time spent in this place.
 B = Non-inter-level travel time spent in this place.
 C = Inter-level travel time spent in this place.
 D = Time resting spent in this place.
 E = Time spent auto-exploring this place.
 F = Levels seen in this place.
 G = Mean time per level.
                   A        B        C        D        E       F      G
               +--------+--------+--------+--------+--------+-----+--------+
         Total |   1906 |   1868 |     38 |     56 |   1311 |   3 |  635.3 |
       Dungeon |   1906 |   1868 |     38 |     56 |   1311 |   3 |  635.3 |
               +--------+--------+--------+--------+--------+-----+--------+

Top non-repeatable levels by time:
     D:1: 1133 daAuts
     D:2: 747 daAuts
     D:3: 25 daAuts
